Map: Exil des Verräters

Players

Panther - Winner!

  • Race: Terran Terran
  • League: Diamond
  • Spawn Location: 12:00

Klin - Winner!

  • Race: Zerg Zerg
  • League: Diamond
  • Spawn Location: 9:00

RiseAgainst

  • Race: Terran Terran
  • League: Diamond
  • Spawn Location: 5:00

Panda

  • Race: Zerg Zerg
  • Spawn Location: 6:00

VOD

Have the link to the VOD?

Description

Time

  • Played on: Aug. 27, 2017, 7:20 a.m.
  • Length: 12:57
Show
View Real Time Build Order
Export as new Build Order

Panther Terran - Winner!

Build Orders: Cyclone Opening, Mech 

Get SALT Encoding   

  12  0:01  SCV  
  13  0:13  SCV  
  14  0:18  Supply Depot  
  14  0:25  SCV  
  15  0:30  Refinery  
  15  0:40  SCV  
  16  0:46  Barracks  
  16  0:54  SCV  
  17  1:01  Refinery  
  17  1:06  SCV  
  19  1:18  SCV  
  19  1:30  SCV  
  20  1:36  Factory  
  20  1:39  Barracks Reactor  
  20  1:50  Orbital Command  
  20  1:56  Supply Depot  
  20  2:15  Bunker  
  20  2:18  SCV  
  21  2:30  SCV  
  22  2:40  Cyclone  
  22  2:41  Marine  
  26  2:45  Cyclone  
  27  3:00  Marine  
  27  3:05  Factory  
  28  3:12  SCV  
  29  3:17  Hellion  
  31  3:34  Supply Depot  
  31  3:44  Supply Depot  
  38  3:55  Cyclone x2, Factory Tech Lab, SCV  
  38  4:14  Infernal Pre-Igniter  
  38  4:15  Armory  
  40  4:17  Hellion  
  40  4:28  Hellion x2  
  44  4:49  Siege Tank  
  47  5:01  Command Center  
  43  5:38  Siege Tank  
  46  5:43  Terran Vehicle Weapons Level 1  
  46  5:48  Starport  
  46  5:49  Supply Depot  
  46  5:53  Engineering Bay  
  46  5:57  Hellion  
  46  6:11  Hellion  
  46  6:30  SCV  
  47  6:36  Thor  
  47  6:37  Hellion x2  
  57  6:41  Starport Reactor  
  57  6:43  SCV  
  57  6:45  Missile Turret  
  58  6:54  Orbital Command  
  58  7:29  Thor  
  64  7:30  Hellbat x2  
  68  7:38  SCV x2  
  68  7:40  Refinery  
  68  7:43  Refinery  
  70  7:45  Supply Depot  
  70  7:51  Supply Depot, Hellbat x2  
  70  7:54  Supply Depot  
  70  7:56  Terran Vehicle And Ship Armor Level 1  
  74  8:08  SCV x2  
  76  8:20  SCV x2  
  76  8:21  Medivac  
  76  8:23  Medivac  
  82  8:45  Siege Tank  
  82  8:46  Hellion x2  
  89  8:53  Supply Depot  
  89  9:00  Medivac x2  
  93  9:16  Supply Depot  
  93  9:19  Supply Depot  
  83  9:43  Command Center  
  70  10:00  Hellion x4  
  68  10:10  Thor  
  68  10:12  Medivac x2  
  69  11:14  Orbital Command  
  36  12:20  Hellbat x3  
  42  12:24  Command Center  
Show
View Real Time Build Order
Export as new Build Order

Klin Zerg - Winner!

Build Orders: Hatch First 

Get SALT Encoding   

  12  0:01  Drone  
  13  0:13  Overlord  
  13  0:19  Drone  
  14  0:31  Drone x2  
  14  0:35  Drone  
  17  0:56  Hatchery  
  16  0:59  Drone  
  17  1:05  Extractor, Drone  
  17  1:20  Spawning Pool  
  17  1:21  Drone  
  17  1:26  Drone  
  17  1:32  Drone  
  19  1:54  Drone  
  20  2:06  Metabolic Boost  
  20  2:07  Queen  
  22  2:08  Queen  
  22  2:10  Zergling x2  
  22  2:11  Zergling x2  
  26  2:16  Overlord  
  26  2:24  Drone  
  26  2:25  Drone  
  28  2:40  Overlord  
  28  2:41  Drone x3  
  31  2:51  Drone  
  32  3:00  Zergling x2  
  32  3:02  Drone x2  
  35  3:10  Overlord  
  35  3:22  Drone x4, Roach Warren  
  35  3:23  Drone x3  
  41  3:27  Overlord  
  41  3:32  Extractor  
  40  3:35  Drone  
  40  4:04  Roach x3  
  40  4:05  Roach x2  
  48  4:11  Roach x4  
  56  4:23  Overlord x2  
  56  4:25  Ravager x2  
  56  4:27  Ravager  
  59  4:45  Ravager  
  59  4:47  Roach  
  62  4:58  Roach x2  
  62  4:59  Roach  
  68  5:01  Zergling x2  
  68  5:02  Zergling x14  
  76  5:15  Overlord x2  
  76  5:27  Hatchery  
  59  6:00  Roach x5  
  59  6:01  Roach x5  
  61  6:20  Roach x2  
  61  6:26  Extractor  
  61  6:30  Evolution Chamber  
  61  6:31  Extractor, Evolution Chamber  
  57  6:35  Drone x3  
  57  6:36  Drone  
  57  6:37  Ravager x3  
  57  6:38  Queen  
  66  6:53  Drone x4  
  70  7:04  Ravager x2  
  72  7:11  Drone x3  
  72  7:12  Overlord x2, Drone x4  
  79  7:15  Zerg Missile Weapons Level 1  
  79  7:31  Zerg Ground Armor Level 1  
  79  7:34  Extractor  
  79  7:35  Queen  
  77  7:38  Extractor  
  56  7:53  Ravager  
  56  7:54  Ravager  
  56  7:55  Roach  
  56  7:56  Roach x3  
  63  8:10  Lair  
  63  8:20  Spore Crawler  
  64  8:34  Roach x3  
  64  8:35  Roach x7  
  64  8:36  Roach x2  
  86  8:45  Drone x3  
  86  8:46  Drone x5  
  94  8:53  Drone x4  
  98  9:13  Zerg Missile Weapons Level 2  
  98  9:16  Glial Reconstitution  
  98  9:21  Ravager x2  
  100  9:25  Zerg Ground Armor Level 2  
  100  9:31  Spore Crawler  
  99  9:57  Roach x4  
  99  9:58  Roach x3  
  99  9:59  Overlord x3  
  113  10:00  Overlord  
  113  10:17  Drone x3  
  113  10:18  Drone x8  
  111  10:44  Spore Crawler  
  110  10:53  Roach  
  110  10:54  Roach x7  
  126  10:58  Infestation Pit  
  126  11:00  Ravager  
  126  11:01  Ravager x11  
  126  11:03  Overlord x3  
  137  11:06  Drone x2  
  137  11:07  Drone x4  
  143  11:26  Hatchery  
  143  11:31  Spine Crawler  
  141  11:56  Roach  
  141  11:57  Roach x5  
  144  12:18  Roach x2  
  144  12:19  Roach x2  
  144  12:20  Roach  
  144  12:21  Roach x5  
Show
View Real Time Build Order
Export as new Build Order

RiseAgainst Terran 

Build Orders: Reaper Expand, MMM Bio 

Get SALT Encoding   

  12  0:01  SCV  
  13  0:13  SCV  
  14  0:18  Supply Depot  
  14  0:25  SCV  
  15  0:40  SCV  
  15  0:41  Barracks  
  16  0:45  Refinery  
  16  0:52  SCV  
  17  1:04  SCV  
  18  1:16  SCV  
  19  1:31  Orbital Command, Reaper  
  20  1:57  Command Center  
  20  1:58  SCV  
  21  2:07  Factory  
  21  2:13  Supply Depot  
  21  2:14  SCV  
  22  2:17  Refinery  
  22  2:24  Barracks Reactor  
  22  2:34  SCV  
  22  2:46  SCV  
  23  2:55  Barracks  
  23  2:56  Barracks  
  23  3:02  SCV  
  23  3:05  Hellion x2  
  28  3:10  Supply Depot  
  28  3:13  Barracks Tech Lab  
  28  3:16  SCV  
  29  3:24  Orbital Command  
  29  3:30  Hellion  
  31  3:36  Hellion  
  31  3:39  SCV  
  34  3:42  Marine  
  35  3:49  Stimpack  
  35  3:50  SCV  
  35  3:53  SCV  
  37  3:57  Hellion  
  39  4:04  Hellion  
  39  4:05  Orbital Command  
  39  4:08  SCV  
  42  4:17  Barracks Reactor x2  
  42  4:18  Marine  
  42  4:21  SCV  
  44  4:30  Starport  
  44  4:33  SCV  
  44  4:34  SCV  
  44  4:35  Factory Tech Lab  
  46  4:45  SCV  
  46  4:51  Marauder  
  49  4:53  Siege Tank  
  49  4:57  Marine x2  
  54  5:00  Supply Depot  
  54  5:01  Supply Depot  
  54  5:03  Marine x2  
  54  5:05  Liberator  
  52  5:11  Liberator  
  52  5:13  Marauder  
  54  5:14  Marine x2  
  54  5:21  Marine x2  
  62  5:34  Siege Tank, Marauder  
  61  5:39  Supply Depot  
  58  6:05  Medivac  
  54  6:24  Marine x4, Marauder  
  54  6:25  Siege Tank  
  62  6:28  SCV x2  
  64  6:40  SCV x2  
  64  6:41  Medivac, Marine x2  
  64  6:46  Refinery  
  70  6:47  Refinery  
  70  6:50  Supply Depot  
  70  6:51  Marine x2, Marauder  
  70  6:52  SCV x2  
  76  6:57  Engineering Bay  
  76  6:59  Engineering Bay  
  76  7:00  Supply Depot  
  76  7:08  Marine x2  
  77  7:12  SCV  
  77  7:13  SCV  
  80  7:25  SCV x2  
  80  7:26  Medivac x2  
  83  7:36  Combat Shields  
  83  7:37  Marine, SCV  
  84  7:38  Marine x2, Marauder  
  73  7:54  Siege Tank, Marine  
  73  7:55  Marine, Terran Infantry Weapons Level 1  
  78  7:59  Marauder  
  78  8:09  Marine x2  
  78  8:12  Medivac  
  82  8:13  Medivac, SCV  
  82  8:14  SCV  
  82  8:15  Barracks  
  82  8:19  Supply Depot  
  86  8:21  Marauder  
  88  8:30  Marine  
  88  8:31  Marine x2  
  91  8:42  Medivac  
  91  8:43  Medivac  
  91  8:48  Marine, Marauder  
  98  8:50  Siege Tank  
  98  8:55  Liberator, SCV x2  
  102  8:56  Command Center  
  102  9:02  Marine x2, Barracks Tech Lab  
  103  9:03  Terran Infantry Armor Level 1  
  98  9:56  Marine x3, Marauder  
  98  9:57  Marine, Marauder  
  106  10:12  Medivac x2  
  110  10:14  Marine x3  
  110  10:18  Marauder  
  101  10:47  Armory, Marine x2, Marauder  
  101  10:48  Marine x2, Marauder  
  109  10:52  SCV x2  
  109  10:53  Orbital Command  
  108  10:57  Supply Depot x2  
  108  10:58  Supply Depot, Siege Tank  
  108  11:03  Factory  
  111  11:04  SCV  
  111  11:05  Supply Depot  
  111  11:06  Supply Depot  
  111  11:09  Marauder  
  114  11:12  Marine x2, Marauder  
  114  11:13  Marine x2  
  120  11:18  Barracks  
  120  11:20  Barracks  
  120  11:21  Barracks  
  120  11:30  Marine, Marauder  
  104  12:06  Marine x4, Marauder x2  
  88  12:24  Marine x4  
  88  12:25  Orbital Command  
  88  12:27  Marauder  
  88  12:28  Marauder  
Show
View Real Time Build Order
Export as new Build Order

Panda Zerg 

Build Orders: Pool First 

Get SALT Encoding   

  12  0:02  Drone  
  13  0:11  Drone  
  14  0:17  Overlord  
  14  0:35  Drone  
  14  0:36  Drone x2  
  14  0:40  Extractor  
  16  0:48  Drone  
  17  0:54  Spawning Pool  
  16  0:57  Drone  
  17  1:08  Drone  
  18  1:28  Drone  
  19  1:33  Drone  
  19  1:37  Hatchery  
  19  1:40  Overlord  
  19  1:50  Metabolic Boost  
  20  1:54  Zergling x2  
  20  2:02  Queen  
  20  2:04  Drone  
  23  2:13  Drone  
  24  2:23  Drone  
  25  2:45  Drone  
  25  3:01  Baneling Nest  
  25  3:03  Queen, Drone  
  25  3:04  Drone  
  28  3:18  Zergling x6  
  28  3:19  Zergling x2  
  32  3:22  Hatchery  
  32  3:26  Spine Crawler  
  30  3:30  Drone  
  30  3:31  Evolution Chamber  
  30  3:39  Drone x4  
  34  3:45  Zergling x4  
  36  3:55  Baneling x2  
  36  4:10  Drone  
  36  4:32  Overlord x2  
  36  4:35  Queen, Drone  
  36  4:37  Drone  
  36  4:38  Drone x2  
  42  4:46  Extractor  
  40  5:04  Roach Warren  
  39  5:09  Zergling x12  
  39  5:10  Zergling x6  
  39  5:12  Overlord  
  45  5:28  Zergling x8  
  47  5:48  Zergling x28  
  43  6:10  Zergling x16  
  44  6:13  Spine Crawler  
  44  6:16  Spine Crawler, Zergling x2  
  40  6:39  Overlord x4  
  40  6:45  Drone  
  41  7:05  Roach  
  42  7:17  Roach x6  
  53  7:31  Roach  
  53  7:32  Roach x3  
  53  7:36  Hatchery  
  59  7:54  Roach x4  
  56  8:21  Roach x4  
  56  8:22  Roach x2  
  68  8:34  Ravager  
  68  8:35  Ravager x4  
  73  8:42  Roach  
  73  8:43  Roach x2  
  79  8:50  Queen, Drone  
  82  8:56  Evolution Chamber  
  81  9:09  Drone  
  82  9:16  Drone  
  85  9:17  Drone x2  
  61  10:01  Roach x4  
  61  10:02  Roach x7  
  71  10:18  Roach  
  71  10:19  Roach x3  
  73  10:41  Lair  
  73  10:45  Drone x3  
  76  11:03  Zergling x2  
  81  11:04  Zergling x10  
  81  11:07  Overlord x2  
  82  11:26  Queen  
  52  12:08  Roach  
  52  12:09  Roach x9  
  52  12:15  Drone x2  
Tags
 
Add a new tag
Caveats
  • Supply blocks, unpowered buildings, or Contaminate may cause inaccurate times.
  • Supply counts are checked every 10 seconds.